 Dungeon Crawl Stone Soup version 0.29.0-4-gdea44cf6ec (webtiles) character file.

Game seed: 3446000743019647295

85 qw the Chopper (level 4, 0/26 HPs)
             Began as a Tengu Warper on Aug 29, 2022.
             Succumbed to a kobold's poison
             ... in a sewer.
             The game lasted 00:00:11 (2301 turns).

qw the Chopper (Tengu Warper)                       Turns: 2301, Time: 00:00:12

Health: 0/26       AC:  5    Str: 14    XL:     4   Next: 48%
Magic:  8/8        EV: 11    Int: 13    God:
Gold:   62         SH:  0    Dex: 13    Spells: 7/7 levels left

rFire   + . .      SeeInvis .   Y - +2 hand axe (freeze)
rCold   + . .      Faith    .   (no shield)
rNeg    . . .      Spirit   .   j - +0 ring mail
rPois   .          Reflect  .   (helmet restricted)
rElec   .          Harm     .   a - scarf {rC+ rF+}
rCorr   .          Rampage  .   (no gloves)
Will    .....                   (boots unavailable)
Stlth   +.........              (no amulet)
HPRegen 0.08/turn               (no ring)
MPRegen 0.11/turn               (no ring)

@: lethally poisoned (0 -> -5)
A: beak, talons 3
a: no special abilities


You were in a sewer.
You visited 1 branch of the dungeon, and saw 3 of its levels.
You also visited: Sewer.

You collected 62 gold pieces.


Innate Abilities, Weirdness & Mutations

You have a beak for a mouth.
You have claws for feet.


   Skills:
 - Level 2.0 Fighting
 + Level 5.0 Axes
 - Level 1.0 Throwing
 - Level 1.1 Armour
 - Level 2.1 Dodging
 - Level 2.0 Spellcasting
 - Level 2.4 Translocations


You had 7 spell levels left.
You didn't know any spells.
Your spell library contained the following spells:

 Spells                   Type           Power      Damage    Failure   Level
 Blink                    Tloc           14%        N/A       30%         2
 Gell's Gravitas          Tloc           7%         N/A       52%         3
 Lesser Beckoning         Tloc           7%         N/A       52%         3
 Teleport Other           Tloc           7%         N/A       52%         3
 Manifold Assault         Tloc           7%         N/A       99%         5

Inventory:

Hand Weapons
 l - a +0 mace
 Y - a +2 hand axe of freezing (weapon)
Armour
 a - a scarf of resistance (worn)
 j - a +0 ring mail (worn)
Scrolls
 g - 2 scrolls of teleportation
 h - a scroll of identify
Potions
 e - a potion of heal wounds
 i - a potion of mutation
 m - a potion of might {unknown}

Dungeon Overview and Level Annotations

Branches:
Dungeon (3/15)              Sewer (1/1)

Altars:


Message History

A kobold is wielding a +2 short sword of venom.
A kobold is wielding a +0 dagger and quivering poisoned darts.
The kobold shouts! x3
The kobold throws a poisoned dart.
The poisoned dart hits you!
You are poisoned.
Found a scroll labelled QAULET ZUOCU and a white potion.
Found a gate leading back out of this place.
You feel very sick.
The kobold throws a poisoned dart.
The poisoned dart hits you.
You are more poisoned.
You feel very sick.
You closely miss the kobold. Your kick misses the kobold.
Your peck misses the kobold. You hit the kobold. You freeze the kobold.
You hit the fungus.
The fungus begins to die.
You freeze the fungus.
You feel very sick. The kobold hits you but does no damage.
You hit the kobold. You freeze the kobold.
You kill the kobold!
You closely miss the kobold. You hit the fungus. You freeze the fungus.
You feel sick. The kobold hits you but does no damage.
The kobold hits you with a +2 short sword of venom.
You are lethally poisoned!
The kobold hits you with a +0 whip.
You hit the kobold but do no damage. You peck the kobold.
The kobold is severely wounded.
You hit the kobold. You freeze the kobold.
You kill the kobold!
You hit the fungus. You freeze the fungus.
You feel very sick.
A nearby fungus withers and dies.
The kobold barely misses you.
You hit the kobold but do no damage. You claw the kobold.
You kill the kobold!
You feel sick.
There is a lethal amount of poison in your body!
You feel sick.
There is a lethal amount of poison in your body!
You feel sick.
There is a lethal amount of poison in your body!
You feel sick.
There is a lethal amount of poison in your body!
You die...

#\\.#~~~#
#...'~~~#
######~~~#
#....#~~~#
#..\.#~~~#
#..!.#~~~#
...?#~~~#
##))##~~~#
#)@..#~~~#
###...P#~~~#
#....~~~~~~#
##...P~~~~~#
##...~~#~~~#
#....~~#~~~#
#......#~~~#
#......#~~~~~
#......#~~~~~~


There were no monsters in sight!

Vanquished Creatures
  Jessica (D:2)
  An adder (D:2)
  A worm (D:3)
  3 dart slugs
  7 ball pythons
  2 endoplasms
  2 giant cockroaches
  A goblin (D:1)
  4 hobgoblins
  7 kobolds
  2 quokkas
  5 bats
  A frilled lizard (D:2)
  A rat (D:1)
38 creatures vanquished.

Vanquished Creatures (others)
  A fungus (Sewer)
1 creature vanquished.

Grand Total: 39 creatures vanquished

Notes
Turn   | Place    | Note
-------+----------+-------------------------------------------
     0 | D:1      | qw the Tengu Warper began the quest for the Orb.
     0 | D:1      | Reached XP level 1. HP: 12/12 MP: 4/4
     0 | D:1      | 0 ||| qw: Version: 0.1-a-89-g26bdef1
     0 | D:1      | 0 ||| qw: Game counter: 3591
     0 | D:1      | 0 ||| qw: Always use a shield: true
     0 | D:1      | 0 ||| qw: God list: Okawaru
     0 | D:1      | 0 ||| qw: Allow faded altars: false
     0 | D:1      | 0 ||| qw: Do Orc after D:15 true
     0 | D:1      | 0 ||| qw: Do second Lair branch before Depths: true
     0 | D:1      | 0 ||| qw: Lair rune preference: random
     0 | D:1      | 0 ||| qw: Plans: Normal
     0 | D:1      | 0 ||| PLANNING D:1-11
    76 | D:1      | 76 ||| Stepping ~*~*~tactically~*~*~ (stealth).
    86 | D:1      | 86 ||| Stepping ~*~*~tactically~*~*~ (stealth).
    88 | D:1      | 88 ||| Stepping ~*~*~tactically~*~*~ (hiding).
   111 | D:1      | 111 ||| Stepping ~*~*~tactically~*~*~ (stealth).
   233 | D:1      | Reached skill level 3 in Axes
   233 | D:1      | Reached XP level 2. HP: 17/17 MP: 6/6
   353 | D:1      | Found a faded altar of an unknown god.
   997 | D:1      | Reached XP level 3. HP: 21/21 MP: 7/7
  1068 | D:1      | 1068 ||| UPGRADING to +0 ring mail.
  1078 | D:1      | 1078 ||| DROPPING +0 leather armour.
  1079 | D:1      | 1079 ||| READING scroll labelled ZYIPSETHISE.
  1080 | D:1      | 1080 ||| READING scroll labelled ULOEKA BELIAXE.
  1081 | D:1      | 1081 ||| READING 3 scrolls labelled WYUGHUKIGISK.
  1086 | D:1      | 1086 ||| READING 6 scrolls labelled YKHUYTR TUOCO.
  1087 | D:1      | 1087 ||| READING scroll labelled ZAM DEXKUQ XANY.
  1088 | D:1      | 1088 ||| READING scroll labelled PUSAHUMMOKK.
  1089 | D:1      | 1089 ||| READING scroll labelled UWEUTU VYRIMN.
  1190 | D:1      | 1190 ||| READING 5 scrolls of identify.
  1190 | D:1      | 1190 ||| IDENTIFYING cyan potion
  1191 | D:1      | 1191 ||| READING 4 scrolls of identify.
  1191 | D:1      | 1191 ||| IDENTIFYING murky ruby potion
  1192 | D:1      | 1192 ||| DROPPING scroll of blinking.
  1296 | D:2      | Reached skill level 4 in Axes
  1610 | D:2      | Noticed Jessica
  1615 | D:2      | Killed Jessica
  1616 | D:2      | Reached XP level 4. HP: 22/26 MP: 8/8
  1794 | D:2      | 1794 ||| READING scroll of enchant weapon.
  1794 | D:2      | 1794 ||| ENCHANTING +1 hand axe of freezing.
  1808 | D:2      | 1808 ||| FLEEEEING.
  1811 | D:2      | 1811 ||| FLEEEEING.
  1956 | D:2      | 1956 ||| DROPPING +0 club.
  2213 | D:2      | 2213 ||| UPGRADING to scarf of resistance.
  2218 | D:2      | 2218 ||| DROPPING +2 robe of positive energy.
  2219 | D:2      | 2219 ||| READING scroll labelled WYGUKA DOSEI.
  2220 | D:2      | 2220 ||| READING scroll labelled SEOZYFF QUUNOO.
  2221 | D:2      | 2221 ||| READING 3 scrolls of identify.
  2221 | D:2      | 2221 ||| IDENTIFYING dark potion
  2222 | D:2      | 2222 ||| READING 2 scrolls of identify.
  2222 | D:2      | 2222 ||| IDENTIFYING metallic orange potion
  2223 | D:2      | 2223 ||| DROPPING potion of lignification.
  2224 | D:2      | 2224 ||| DROPPING potion of attraction.
  2228 | D:3      | 2228 ||| PLANNING SEWER
  2248 | D:3      | Reached skill level 5 in Axes
  2248 | D:3      | Found a glowing drain.
  2268 | Sewer    | Entered a sewer
  2297 | Sewer    | HP: 6/26 [poisoned by a kobold]
  2299 | Sewer    | HP: 2/26 [poisoned by a kobold]
  2301 | Sewer    | Succumbed to a kobold's poison

Levels and vault maps discovered:
D:1:      dpeg_arrival_erosion, layout_basic,
          ebering_ecumenical_altar_sacrificial, chequers_decorated_corner
D:2:      layout_loops_corners, uniq_jessica
D:3:      layout_loops_corners, elyvilon_altar_1, overflow_temple_1_default,
          cheibrodos_sewer_entry_drain, serial_bayou_lake_a
Sewer:    kennysheep_pipe_town

Skill      XL: |  1  2  3  4 |
---------------+-------------+-----
Axes           | 3 4 5 |  5.0
Fighting       | |  2.0
Throwing       | |  1.0
Armour         | |  1.1
Dodging        | |  2.1
Spellcasting   | |  2.0
Translocations | |  2.4

Action                   |  1- 3 |  4- 6 || total
-------------------------+-------+-------++-------
Melee: Hand axe          |    49 |    23 ||    72
       Kick              |    13 |     5 ||    18
       Peck              |     3 |     3 ||     6
Throw: Boomerang         |     7 |       ||     7
  Use: Scroll            |     9 |     5 ||    14
Armor: Leather armour    |    15 |       ||    15
       Ring mail         |    12 |     5 ||    17
Dodge: Dodged            |    22 |     3 ||    25

Table legend:
 A = Non-vault XP
 B = Vault XP
 C = Vault XP percentage of total XP
 D = Non-vault monster count
 E = Vault monster count
 F = Vault count percentage of total count
                 A         B        C        D         E       F
            +---------+---------+-------+---------+---------+-------
      Total |      70 |      52 |  42.6 |      30 |       8 |  21.1
            +---------+---------+-------+---------+---------+-------
        D:1 |      35 |       0 |   0.0 |      17 |       0 |   0.0
        D:2 |      33 |      37 |  52.9 |      12 |       1 |   7.7
        D:3 |       2 |      11 |  84.6 |       1 |       4 |  80.0
      Sewer |       0 |       4 | 100.0 |       0 |       3 | 100.0
            +---------+---------+-------+---------+---------+-------
